 Dungeon Crawl Stone Soup version 0.29-a0-1047-g7c58e119a4 (webtiles) character file.

Game seed: 8639275868774006174

77 snetch the Trooper (level 4, -1/41 HPs)
             Began as a Minotaur Berserker on Aug 16, 2022.
             Was a Believer of Trog.
             Slain by an orc wizard
             ... wielding a +0 dagger
              (3 damage)
             ... on level 3 of the Dungeon.
             The game lasted 00:02:57 (1186 turns).

snetch the Trooper (Minotaur Berserker)             Turns: 1186, Time: 00:02:58

Health: -1/41      AC:  5    Str: 21 (23) XL:     4   Next: 13%
Magic:  3/3        EV: 11    Int:  3 (4)  God:    Trog [**....]
Gold:   48         SH:  0    Dex:  8 (10) Spells: 3/3 levels left

rFire   . . .      SeeInvis .   a - +0 hand axe
rCold   . . .      Faith    .   (no shield)
rNeg    . . .      Spirit   .   c - +0 ring mail
rPois   .          Reflect  .   (helmet restricted)
rElec   .          Harm     +   h - scarf {harm}
rCorr   .          Rampage  .   (no gloves)
Will    .....                   (no boots)
Stlth   ..........              (no amulet)
HPRegen 0.13/turn               (no ring)
MPRegen 0.08/turn               (no ring)

@: confused, attractive
A: horns 2, retaliatory headbutt
a: Renounce Religion, Berserk, Trog's Hand


You were on level 3 of the Dungeon.
You worshipped Trog.
Trog was pleased with you.
You visited 1 branch of the dungeon, and saw 3 of its levels.

You collected 48 gold pieces.

Inventory:

Hand Weapons
 a - a +0 hand axe (weapon)
Missiles
 b - 34 stones
 k - 2 poisoned darts (quivered)
Armour
 c - a +0 ring mail (worn)
 h - a scarf of harm (worn)
Scrolls
 f - 3 scrolls of identify {unknown}
 j - a scroll of blinking {unknown}
 m - 2 scrolls of teleportation {unknown}
Potions
 d - a potion of brilliance {unknown}
 e - a potion of mutation {unknown}
 g - a potion of attraction
 i - 2 potions of degeneration
 l - a potion of curing {unknown}


   Skills:
 + Level 4.7 Fighting
 + Level 4.7 Axes
 + Level 3.0 Armour
 + Level 2.4 Dodging


You had 3 spell levels left.
You didn't know any spells.
Your spell library contained the following spells:

 Spells                   Type           Power      Damage    Failure   Level
 Apportation              Tloc           0%         N/A       69%         1
 Necrotise                Necr           0%         1d4       69%         1
 Summon Small Mammal      Summ           0%         N/A       69%         1


Dungeon Overview and Level Annotations

Branches:
Dungeon (3/15)

Altars:


Innate Abilities, Weirdness & Mutations

You have a pair of horns on your head.
You reflexively headbutt those who attack you in melee.


Message History

The orc hits you with a +0 hand axe.
You are too injured to fight recklessly!
The hobgoblin closely misses you. The orc hits you with a +0 hand axe.
You hear some strange, mumbled words.
You are confused.
Things that are here:
a +0 flail; a +0 leather armour; an orc corpse You're too confused to move!
The hobgoblin hits you. The orc hits you with a +0 hand axe.
* * * LOW HITPOINT WARNING * * *
A magic dart appears from out of thin air!
The magic dart hits you.
* * * LOW HITPOINT WARNING * * *
Unknown command.
You're too confused to move!
The hobgoblin hits you.
* * * LOW HITPOINT WARNING * * *
The orc barely misses you.
Unknown command.
You completely miss something. Your headbutt misses something.
You barely miss the hobgoblin. You hit the orc. The hobgoblin hits you.
* * * LOW HITPOINT WARNING * * *
The orc misses you. Something completely misses you.
Unknown command.
It was a potion of degeneration.
There was something very wrong with that liquid.
You feel weakened.
You feel dopey.
You feel clumsy. The hobgoblin barely misses you.
You hear some strange, mumbled words.
You are more confused.
The orc hits you with a +0 hand axe.
* * * LOW HITPOINT WARNING * * *
It was a potion of attraction.
You feel attractive to monsters. The hobgoblin barely misses you.
The orc closely misses you. Something hits you.
* * * LOW HITPOINT WARNING * * *
Unknown command.
Unknown command.
Something hits you.
You die...

#### ..... #...#########
#....../....### ####
##.....{@....... ..#
.......g#.##.### ##.##
.............########...#
........#.##.............
##....###.##.########...#
#.... #.##.# ##... #....
#.##.# #... ###. #.##.#
#... #. #.##.# ##.##


You could see a hobgoblin.

Vanquished Creatures
  3 adders
  An ufetubus (D:3)
  2 worms (D:2)
  A dart slug (D:1)
  An orc (D:3)
  5 endoplasms
  7 goblins
  2 hobgoblins
  3 kobolds
  4 ball pythons
  2 bats
  2 frilled lizards
  5 rats
38 creatures vanquished.

Notes
Turn   | Place    | Note
-------+----------+-------------------------------------------
     0 | D:1      | snetch the Minotaur Berserker began the quest for the Orb.
     0 | D:1      | Reached XP level 1. HP: 19/19 MP: 0/0
   157 | D:1      | Reached XP level 2. HP: 27/27 MP: 1/1
   262 | D:2      | Reached XP level 3. HP: 29/33 MP: 2/2
  1071 | D:3      | Reached ** piety under Trog
  1072 | D:3      | Reached XP level 4. HP: 41/41 MP: 3/3
  1184 | D:3      | HP: 2/41 [something (1)]
  1186 | D:3      | Slain by an orc wizard

Illustrated notes

Levels and vault maps discovered:
D:1:      sevenhm_arrival_forest_fort_small_6, layout_loops_ring
D:2:      layout_rooms
D:3:      layout_loops_ring, hellmonk_ecumenical_altar_inner_sanctum,
          portal_sewer_entry_f, kennysheep_generic_room_10, uniq_ijyb

Skill      XL: |  1  2  3 |
---------------+----------+-----
Axes           | 4 |  4.7
Fighting       | 4 |  4.7
Armour         | 3 |  3.0
Dodging        | |  2.4

Action                   |  1- 3 |  4- 6 || total
-------------------------+-------+-------++-------
Melee: Hand axe          |    61 |    14 ||    75
       Headbutt          |     6 |     2 ||     8
Throw: Stone             |     1 |       ||     1
       Dart              |     1 |       ||     1
Invok: Berserk           |     1 |       ||     1
  Use: Potion            |       |     2 ||     2
Armor: Ring mail         |    20 |     6 ||    26
Dodge: Dodged            |    28 |    18 ||    46

Table legend: (Time is in decaauts)
 A = Elapsed time spent in this place.
 B = Non-inter-level travel time spent in this place.
 C = Inter-level travel time spent in this place.
 D = Time resting spent in this place.
 E = Time spent auto-exploring this place.
 F = Levels seen in this place.
 G = Mean time per level.
                   A        B        C        D        E       F      G
               +--------+--------+--------+--------+--------+-----+--------+
         Total |   1200 |   1185 |     15 |      0 |    758 |   3 |  400.0 |
       Dungeon |   1200 |   1185 |     15 |      0 |    758 |   3 |  400.0 |
               +--------+--------+--------+--------+--------+-----+--------+

Top non-repeatable levels by time:
     D:1: 923 daAuts
     D:2: 154 daAuts
     D:3: 122 daAuts
